Unix NetHack Version 5.0.0-0 post-release - last build May 23 2026 06:08:33 (1c0ff79ee797540d5714e4e18072db0edd9e58ae,branch:main).

Game began 2026-05-28 17:40:54, ended 2026-05-28 18:22:14.

Eymerich, chaotic male elven Priest

                                                     ---
                          ----                    ----.-- ---
                     --  --..--                   |.....---.--
                    --.---....------              |..........-----
                    |....*.....^-..|              ---...^........|
                    --.*...........----#            --......|....-----
                     ---....--.--......-#---         |...*.---.|..#-.--
                       --.[---.#--#--#.....|         #-...-| -----....|------
                        |.......#-   -----.---        #....|     --...|.|...|
                       --..>.....#       #.."#       --.|..-###   |....-....--
                      --.........|       ---.----    |..#.....|   #..........--
                     --........---         |....--   |.-..*^..--- -#..--......|
                  -...........--           ----..|----..........-  -#--|.....--
                  --.......|...|            ----.|......|.---....|---#--.....|
                 ..........|-..-           --..|...--------  --.--|..|.0.-----
                ----.......| ...         # |....[..------      ----......|
                   -......-- .--          ##[.....[.....|        |....--------
                   ......--  .|         ---.0.......---.-----------...-----..|
                 ...^....   ---         |...|......-- |.j%.....%.............|
                |.--.--.-               |..---.|.---  ------------------------
                -- -- --                ---- -----
Eymerich the Adept           St:12 Dx:12 Co:15 In:8 Wi:19 Ch:11  Chaotic
Dlvl:4  $:98 HP:0(46) Pw:80(80) AC:7  Xp:6 T:3370  Burdened

Latest messages:
 Pinky misses the Mordor orc.
 Pinky bites the Mordor orc.
 The Mordor orc is killed!
 The Mordor orc picks up an orcish helm.
 Pinky misses the Mordor orc.
 The Mordor orc throws a knife!
 The knife misses Pinky.
 The knife misses the little dog.
 You are hit by a knife.
 The Mordor orc puts on an orcish helm.
 Pinky misses the Mordor orc.
 Pinky bites the Mordor orc.
 The Mordor orc picks up a shield.
 Pinky misses the Mordor orc.
 Pinky bites the Mordor orc.
 The Mordor orc is killed!
 Your little dog eats a Mordor orc corpse.
 Pinky bites the Mordor orc.
 The Mordor orc is killed!
 Pinky misses the ochre jelly.
 Pinky misses the ochre jelly.
 Pick a monster, object or location.
 In what direction?
 You kick a knife.
 The knife misses the ochre jelly.
 Pinky picks up a knife.
 The Mordor orc picks up a dwarvish cloak.
 Pinky bites the ochre jelly.
 Pinky is splashed by the ochre jelly's acid!
 The ochre jelly misses Pinky.
 The Mordor orc wields a knife!
 You hit the Mordor orc!
 The Mordor orc swings her knife.
 The Mordor orc hits!
 You miss the Mordor orc.
 The ochre jelly engulfs you!
 You are covered in slime!  It burns!
 You hit the ochre jelly.
 You are splashed by the ochre jelly's acid!
 You hit the ochre jelly.
 You are splashed by the ochre jelly's acid!
 You hit the ochre jelly.
 You are splashed by the ochre jelly's acid!
 You are covered in slime!  It burns!
 You die...
 Do you want your possessions identified? [ynq] (y)
 Do you want to see your attributes? [ynq] (y)
 Do you want an account of creatures vanquished? [ynaq] (y)
 Do you want to see your conduct and achievements? [ynq] (y)
 Do you want to see the dungeon overview? [ynq] (y)

Inventory:
 Coins    ('$')
  $ - 98 gold pieces
 Weapons  (')')
  n - a +0 sling
  u - 4 blessed +3 daggers
  p - a blessed +1 dagger
  V - 2 +0 elven daggers
  D - a +0 orcish dagger
  w - a +0 dwarvish mattock (alternate weapon; not wielded)
  Z - a +0 flail
  a - a blessed +1 mace (weapon in right hand)
 Armor    ('[')
  E - a blessed +1 orcish helm (being worn)
  K - a +0 pair of kicking boots (being worn)
  k - a +0 dwarvish cloak (being worn)
  b - a +0 robe
 Comestibles  ('%')
  f - a sprig of wolfsbane
  j - 2 lichen corpses
 Scrolls  ('?')
  O - a blessed scroll of create monster
  H - a scroll of teleportation
 Potions  ('!')
  W - a blessed potion of fruit juice
  v - a potion of fruit juice
  s - a potion of object detection
  r - a blessed potion of sickness
  d - 4 potions of holy water
 Wands    ('/')
  c - a wand of speed monster (0:6)
 Tools    ('(')
  L - a sack containing 5 items
  i - a leather drum
  l - a figurine of an orc shaman
  U - a magic whistle
  t - a mirror
  m - a +0 pick-axe
  F - a tinning kit (0:58)
  e - a wax candle
 Gems/Stones  ('*')
  g - a worthless piece of blue glass
  q - 2 worthless pieces of violet glass named soft
  h - a rock

Contents of the sack:
  a clove of garlic
  2 food rations
  a lembas wafer
  a sprig of wolfsbane
  2 lichen corpses

Eymerich the Priest's attributes:

Background:
 You were an Adept, a level 6 elven Priest.
 You were chaotic, nominally on a mission for Kos
 who was opposed by Issek (lawful) and Mog (neutral).
 You were right-handed.
 You were in the Gnomish Mines, on level 4.
 You entered the dungeon 3370 turns ago.
 You had 466 experience points, 174 more were needed to attain level 7.

Basics:
 You had 0 out of 46 hit points.
 You had all 80 energy points (spell power).
 Your armor class was 7.
 Your wallet contained 98 zorkmids.
 Autopickup was off.

Final Characteristics:
 Your strength was 12 (limit:18).
 Your dexterity was 12 (limit:18).
 Your constitution was 15 (limit:16).
 Your intelligence was 8 (limit:20).
 Your wisdom was 19 (limit:20).
 Your charisma was 11 (limit:18).

Final Status:
 You were engulfed by the ochre jelly.
 You weren't hungry.
 You were burdened; movement was slightly slowed.
 You were wielding a mace.
 You had basic skill with mace and could have enhanced that.

Final Attributes:
 You were piously aligned.
 Your items were somewhat protected from fire.
 Your items were somewhat protected from cold.
 You were sleep resistant.
 You were telepathic.
 You had infravision.
 You were warded.
 You are dead.

Miscellaneous:
 You didn't encounter any bones levels.
 Total elapsed playing time was 41 minutes and 18 seconds.

Major events:
 Turn
    1: Eymerich the chaotic elven Priest entered the dungeon
  386: entered the Gnomish Mines
  412: attained the rank of Acolyte (level 3)
 2772: attained the rank of Adept (level 6)
 3370: killed by an ochre jelly

Spells:
 Name                 Level Category     Fail Retention
 detect monsters        1   divination    21%  76%-100%
 cure blindness         2   healing       63%  76%-100%

Skills:
 Fighting Skills
   bare handed combat [Unskilled]
 Weapon Skills
   club               [Unskilled]
   mace               [Basic]
   morning star       [Unskilled]
   flail              [Unskilled]
   hammer             [Unskilled]
   quarterstaff       [Unskilled]
   polearms           [Unskilled]
   spear              [Unskilled]
   trident            [Unskilled]
   lance              [Unskilled]
   bow                [Unskilled]
   sling              [Unskilled]
   crossbow           [Unskilled]
   dart               [Unskilled]
   shuriken           [Unskilled]
   boomerang          [Unskilled]
   unicorn horn       [Unskilled]
 Spellcasting Skills
   healing spells     [Unskilled]
   divination spells  [Unskilled]
   clerical spells    [Basic]

Voluntary challenges:
 Character rerolling was not enabled.
 You were an atheist.
 You were illiterate.
 You never genocided any monsters.
 You never polymorphed an object.
 You never changed form.
 You used no wishes.
Achievements:
 You entered the Gnomish Mines.
 You attained the rank of Acolyte.
 You entered a shop.
 You attained the rank of Adept.

 The Dungeons of Doom: levels 1 to 2
    Level 1: "vault"
    Level 2: "vault, locked box"
       A general store, a fountain, a sink.
       Stairs down to The Gnomish Mines.
 The Gnomish Mines: levels 3 to 4
    Level 3:
    Level 4: <- You were here.
       Final resting place for
          you, killed by an ochre jelly.


Vanquished creatures:
  3 small mimics
  a mountain nymph
  4 Mordor orcs
  2 rock piercers
  a violet fungus
  3 gnome leaders
 an elf zombie
  a little dog
  5 floating eyes
  2 kittens
  4 dwarves
  6 orc zombies
  3 dwarf zombies
  4 iguanas
  3 hobbits
  2 manes
  3 hobgoblins
  4 cave spiders
  a brown mold
  a yellow mold
 16 gnomes
  8 garter snakes
  a gnome zombie
  3 geckos
  4 jackals
  a kobold
  a goblin
  3 grid bugs
  7 lichens
  a kobold zombie
  6 newts
105 creatures vanquished.

No species were genocided or became extinct.

Game over:
                       ----------
                      /          \
                     /    REST    \
                    /      IN      \
                   /     PEACE      \
                  /                  \
                  |     Eymerich     |
                  |      98 Au       |
                  |   killed by an   |
                  |   ochre jelly    |
                  |                  |
                  |                  |
                  |       2026       |
                 *|     *  *  *      | *
        _________)/\\_//(\/(/\)/\//\/|_)_______

Goodbye Eymerich the Priest...

You died in The Gnomish Mines on dungeon level 4 with 2103 points,
and 98 pieces of gold, after 3370 moves.
You were level 6 with a maximum of 46 hit points when you died.

